AoeStats
← Yung Pudd

Lombardia

508005236Analyzed
4v4 RM · 10d ago on Sep 20, 2026· 47m 33s· 8 players
Game mode
Random Map
Map size
Large (8 player)
Population
200
Speed
Normal
Resources
Standard
Victory
Conquest
Starting age
Dark Age
Ending age
Imperial Age
RankedLock teamsTeams togetherTeam positionsShared explorationLock speedFull tech treeHidden civsTurbo modeCheats
Victory
Defeat
🇩🇪 Mapuche · Germany
1327
+13
🇩🇪 Franks · Germany
1310
+13
🇩🇪 Magyars · Germany
1285
+14
🇩🇪 Burmese · Germany
1232
+17
🇮🇳 Teutons · India
1274
-15
🇮🇳 Mongols · India
1268
-15
🇦🇹 Byzantines · Austria
1263
-15
🇮🇳 Huns · India
1184
-12
Kunal
6:13 Loom
8:47 Feudal Age
9:20 Double-Bit Axe
10:57 Horse Collar
20:19 Castle Age
18:25 Gold Mining
19:07 Fletching
19:46 Stone Mining
21:14 Bow Saw
22:25 Wheelbarrow
23:11 Heavy Plow
23:57 Gold Shaft Mining
24:01 Stone Shaft Mining
30:28 Hand Cart
33:03 Imperial Age
31:07 Thumb Ring
31:03 Bodkin Arrow
31:34 Padded Archer Armor
32:26 Ballistics
32:43 Bloodlines
32:33 Husbandry
33:33 Leather Archer Armor
35:20 Chemistry
33:44 Elite Mangudai
34:59 Bracer
35:44 Parthian Tactics
36:02 Conscription
36:47 Hoardings
36:45 Caravan
37:16 Coinage
37:07 Fortified Wall
37:42 Heavy Camel Rider
38:31 Scale Barding Armor
39:49 Light Cavalry
41:07 Hussar
45:59 Forging
46:10 Chain Barding Armor
46:28 Banking
Yung Pudd
10:22 Feudal Age
11:16 Loom
14:43 Castle Age
13:20 Double-Bit Axe
13:38 Horse Collar
16:09 Bow Saw
18:46 Wheelbarrow
21:05 Gold Mining
24:35 Hand Cart
28:24 Imperial Age
26:16 Scale Mail Armor
26:12 Fletching
28:06 Thumb Ring
27:58 Bodkin Arrow
30:22 Two-Man Saw
29:25 Heavy Plow
29:19 Stone Mining
30:07 Gold Shaft Mining
29:24 Elite Skirmisher
30:06 Bracer
31:22 Scale Barding Armor
31:51 Crop Rotation
31:20 Pikeman
32:01 Squires
32:17 Chain Mail Armor
33:23 Padded Archer Armor
35:07 Plate Mail Armor
34:53 Leather Archer Armor
35:11 Chain Barding Armor
39:07 Conscription
38:40 Halberdier
DrGameHer
9:01 Loom
10:47 Feudal Age
15:45 Castle Age
14:32 Double-Bit Axe
14:35 Horse Collar
17:12 Bow Saw
26:31 Town Watch
27:22 Wheelbarrow
36:36 Imperial Age
36:28 Hand Cart
36:08 Fletching
36:20 Padded Archer Armor
36:56 Scale Barding Armor
37:03 Forging
38:28 Coinage
38:00 Caravan
39:13 Bloodlines
39:19 Marauders
43:15 Chain Barding Armor
43:31 Iron Casting
43:41 Heavy Cavalry Archer
45:26 Plate Barding Armor
46:14 Husbandry
ravish.ratnam
7:26 Loom
9:49 Feudal Age
13:38 Double-Bit Axe
16:41 Wheelbarrow
19:24 Castle Age
18:23 Horse Collar
19:22 Scale Barding Armor
20:07 Bloodlines
20:39 Chain Barding Armor
21:00 Forging
26:24 Hand Cart
26:52 Iron Casting
28:41 Bow Saw
34:13 Imperial Age
33:42 Gold Mining
34:19 Cavalier
35:37 Plate Barding Armor
35:35 Caravan
36:23 Paladin
38:30 Blast Furnace
39:22 Town Watch
KIV.Brändy
10:34 Feudal Age
9:57 Loom
12:31 Horse Collar
17:31 Castle Age
18:18 Wheelbarrow
19:16 Gold Mining
21:37 Hand Cart
25:25 Heavy Plow
25:59 Town Watch
26:06 Pikeman
26:57 Squires
27:07 Scale Mail Armor
27:18 Forging
29:39 Chain Mail Armor
30:01 Iron Casting
33:50 Imperial Age
32:57 Stone Mining
33:43 Gold Shaft Mining
33:16 Town Patrol
33:51 Fletching
33:50 Arson
33:53 Gambesons
33:29 Man-at-Arms
34:05 Halberdier
34:31 Gambesons
36:24 Conscription
35:34 Long Swordsman
36:57 Plate Mail Armor
37:28 Blast Furnace
37:14 Crop Rotation
36:17 Two-Handed Swordsman
37:13 Champion
42:46 Bodkin Arrow
42:57 Scale Barding Armor
45:39 Coinage
47:01 Banking
laggysnapy
7:56 Loom
8:06 Loom
11:15 Feudal Age
15:32 Castle Age
14:12 Double-Bit Axe
15:09 Horse Collar
18:32 Bow Saw
19:40 Wheelbarrow
21:08 Heavy Plow
22:54 Town Watch
25:42 Hand Cart
28:29 Gold Mining
28:29 Stone Mining
29:09 Fletching
29:43 Bloodlines
29:33 Husbandry
30:04 Padded Archer Armor
31:26 Scale Barding Armor
31:37 Leather Archer Armor
34:25 Imperial Age
32:46 Chain Barding Armor
33:05 Corvinian Army
33:26 Bodkin Arrow
34:12 Coinage
33:43 Caravan
35:24 Ballistics
34:32 Elite Magyar Huszar
35:35 Conscription
35:53 Plate Barding Armor
36:07 Bracer
36:37 Ring Archer Armor
37:51 Hoardings
37:30 Masonry
38:23 Chemistry
38:07 Recurve Bow
38:38 Parthian Tactics
38:27 Recurve Bow
39:15 Crop Rotation
40:13 Two-Man Saw
41:15 Banking
43:46 Heavy Cavalry Archer
45:40 Thumb Ring
46:16 Siege Engineers
46:59 Capped Ram
Murschann
8:41 Loom
10:27 Feudal Age
12:36 Double-Bit Axe
12:35 Horse Collar
16:31 Town Watch
19:29 Castle Age
18:29 Stone Mining
18:29 Gold Mining
18:34 Fletching
21:32 Bow Saw
24:59 Wheelbarrow
29:41 Imperial Age
27:40 Heavy Plow
28:02 Padded Archer Armor
28:59 Malon
29:10 Caravan
29:57 Bodkin Arrow
30:17 Leather Archer Armor
33:09 Conscription
36:07 Elite Bolas Rider
41:08 Ballistics
42:51 Town Patrol
El Blugo
1:01 Loom
12:36 Feudal Age
14:34 Double-Bit Axe
17:19 Castle Age
18:14 Bow Saw
19:06 Town Watch
22:42 Wheelbarrow
23:16 Gold Mining
27:40 Hand Cart
31:49 Imperial Age
30:15 Scale Barding Armor
30:21 Forging
30:13 Husbandry
30:24 Caravan
32:41 Iron Casting
32:27 Chain Barding Armor
33:11 Cavalier
35:10 Blast Furnace
34:57 Plate Barding Armor
35:14 Paladin
Connection lost

Rejoining the realm…

Still unreachable

The connection could not be restored.

Session expired

The server has moved on; the page needs a fresh start.